[Event "Titled Tuesday Blitz April 19 Early 2022"]
[White "Vignesh, N R"]
[Black "Janaszak, Dawid"]
[WhiteFideId "25012215"]
[BlackFideId "1119206"]
[WhiteElo "2363"]
[BlackElo "2199"]
[Result "0-1"]
[Round "09"]
[TimeControl "180+1"]
[Date "2022.04.19"]
[WhiteClock "0:00:19"]
[BlackClock "0:00:07"]

1. c4 Nf6 2. Nc3 g6 3. g3 Bg7 4. Bg2 O-O 5. e3 d6 6. Nge2 c5 7. O-O Nc6 8. Rb1 Bf5 9. d3 Qd7 10. Re1 Bh3 11. Bh1 e5 12. a3 a5 13. Nd5 Nxd5 14. cxd5 Ne7 15. a4 f5 16. f4 h6 17. Bd2 g5 18. Bc3 Ng6 19. b3 b6 20. Qd2 Rae8 21. Bg2 Bxg2 22. Kxg2 Qf7 23. fxg5 Qxd5+ 24. e4 fxe4 25. dxe4 Qxe4+ 26. Kg1 hxg5 27. Qxg5 Rf5 28. Qd2 Qc6 29. Rbd1 Rd8 30. Bb2 d5 31. Nc3 Ne7 32. Qd3 Qg6 33. Nb5 Rdf8 34. Qe2 e4 35. Bxg7 Qxg7 36. Rf1 Rf3 37. Rxf3 Rxf3 38. Nc7 Qe5 39. Nb5 Nf5 40. Rf1 Nd4 41. Qd1 Nxb5 42. axb5 Qd4+ 43. Qxd4 Rxf1+ 44. Kxf1 cxd4 45. Ke2 Kf7 46. g4 Kf6 47. h4 d3+ 48. Ke3 d4+ 49. Kd2 Ke5 50. h5 Kf6 51. Kd1 Kg5 52. Ke1 Kh6 53. Kd2 Kg5 54. Kd1 e3 55. Ke1 d2+ 56. Ke2 d3+ 57. Kd1 Kh6 58. g5+ Kxg5 59. h6 Kxh6 60. b4 e2+ 61. Kxd2 axb4 62. Ke1 b3 63. Kd2 b2 64. Ke1 b1=Q+ 65. Kf2 Qxb5 66. Ke3 e1=Q+ 67. Kd4 Qc5+ 68. Kxd3 Qec3+ 69. Ke4 Q3e3# 0-1


[Site "https://www.chess.com"]

[Event "Titled Tuesday Blitz April 19 Early 2022"]
[White "Visakh N R"]
[Black "Samant Aditya S"]
[WhiteFideId "25012223"]
[BlackFideId "35080580"]
[WhiteElo "2448"]
[BlackElo "1916"]
[Result "1-0"]
[Round "09"]
[TimeControl "180+1"]
[Date "2022.04.19"]
[WhiteClock "0:00:56"]
[BlackClock "0:00:03"]

1. c4 e5 2. g3 Nf6 3. Bg2 d5 4. cxd5 Nxd5 5. d4 Bb4+ 6. Bd2 exd4 7. Nf3 c5 8. O-O O-O 9. Bxb4 Nxb4 10. Nbd2 N8c6 11. a3 Nd5 12. Rc1 Qe7 13. Nb3 b6 14. Nfxd4 Nxd4 15. Nxd4 Bb7 16. Nf5 Qe5 17. Bxd5 Rad8 18. Ne3 Bxd5 19. Nxd5 Rxd5 20. Qc2 Rfd8 21. Rfd1 g6 22. Rxd5 Rxd5 23. b4 Kg7 24. Qc3 Qxc3 25. Rxc3 cxb4 26. axb4 Rb5 27. Rc7 a5 28. bxa5 bxa5 29. Ra7 h5 30. Kg2 Rc5 31. f4 Kf6 32. Kf3 Rb5 33. h3 Rb3+ 34. e3 Rb5 35. Ra6+ Ke7 36. Ra7+ Ke6 37. g4 hxg4+ 38. hxg4 Rc5 39. Ra6+ Ke7 40. Ra7+ Ke6 41. g5 Rb5 42. Ra6+ Ke7 43. Ra7+ Ke6 44. Kg4 Rc5 45. e4 Rb5 46. f5+ gxf5+ 47. exf5+ Ke5 48. Re7+ Kd4 49. Rxf7 a4 50. Ra7 Rb4 51. g6 Kc3+ 52. Kg5 Kb2 53. g7 Rb8 54. Rxa4 1-0


[Site "https://www.chess.com"]

[Event "Titled Tuesday Blitz April 19 Early 2022"]
[White "Vokhidov, Shamsiddin"]
[Black "Oparin, Grigoriy"]
[WhiteFideId "14204223"]
[BlackFideId "24125890"]
[WhiteElo "2611"]
[BlackElo "2665"]
[Result "0-1"]
[Round "09"]
[TimeControl "180+1"]
[Date "2022.04.19"]
[WhiteClock "0:00:10"]
[BlackClock "0:00:06"]

1. e4 e5 2. Nf3 Nc6 3. Bb5 Nf6 4. d3 d6 5. O-O Be7 6. d4 O-O 7. Bxc6 bxc6 8. Nc3 Nd7 9. dxe5 dxe5 10. Qe2 a5 11. Rd1 Bd6 12. Nd2 Ba6 13. Qe1 Qe7 14. b3 Rfd8 15. Nf1 Nf8 16. Ne3 g6 17. Bb2 Ne6 18. Ne2 f6 19. Nc1 Bc5 20. Nd3 Bb6 21. a4 Bxd3 22. Rxd3 Rxd3 23. cxd3 Rd8 24. Rd1 Nf4 25. Qf1 Qb4 26. g3 Ne6 27. Ng4 Rf8 28. Rb1 Kg7 29. Qc1 Qd6 30. Qc4 Rd8 31. Rd1 h5 32. Ne3 Kf7 33. Qc1 Qc5 34. Bc3 Ba7 35. Qd2 Rb8 36. Rb1 Bb6 37. Nc4 Rd8 38. Rd1 Qe7 39. Bxa5 Nc5 40. Nxb6 cxb6 41. Bxb6 Rxd3 42. Qc2 Rxd1+ 43. Qxd1 Nxe4 44. a5 Nc3 45. Qd3 Nd5 46. Qc4 Qb4 47. Bc5 Qe1+ 48. Kg2 Ke6 49. a6 Qa1 50. a7 g5 51. Qa4 Qxa4 52. bxa4 Nc7 53. Bb6 Na8 54. Bd8 g4 55. Kf1 f5 56. Ke2 Kd5 57. Kd3 c5 58. Kc3 f4 59. gxf4 exf4 60. Bc7 f3 61. Bg3 c4 62. a5 Kc5 63. Bf4 Kb5 64. Be3 h4 65. Bf4 h3 66. Be3 Nc7 67. Kd4 Na8 68. Bd2 Nc7 69. Ke5 Kc5 70. Be3+ Kb5 71. Kd6 Na8 72. Kd7 c3 73. Kc8 c2 74. Kb8 g3 75. fxg3 f2 76. Kxa8 f1=Q 77. Kb8 Qf8+ 78. Kb7 Qf7+ 79. Kb8 Qe8+ 80. Kb7 Qxe3 0-1


[Site "https://www.chess.com"]

[Event "Titled Tuesday Blitz April 19 Early 2022"]
[White "Vusatiuk, Vladimir"]
[Black "Barbashin, Igor"]
[WhiteFideId "14118610"]
[BlackFideId "4155718"]
[WhiteElo "2157"]
[BlackElo "2138"]
[Result "0-1"]
[Round "09"]
[TimeControl "180+1"]
[Date "2022.04.19"]
[WhiteClock "0:00:08"]
[BlackClock "0:00:11"]

1. d4 Nf6 2. c4 c5 3. d5 e6 4. Nc3 exd5 5. cxd5 d6 6. Nf3 g6 7. e4 Bg7 8. Be2 O-O 9. Be3 Re8 10. Nd2 a6 11. a4 Nbd7 12. O-O Qc7 13. h3 Rb8 14. Qc2 b6 15. Bf4 Ne5 16. g4 h5 17. g5 Nfd7 18. Kh2 c4 19. Bg3 Nc5 20. Nxc4 Nxc4 21. Bxc4 Bxc3 22. bxc3 Nxe4 23. Bd3 Bf5 24. c4 Nxg3 25. fxg3 Bxd3 26. Qxd3 Rbc8 27. Rf4 Qe7 28. Ra2 Qxg5 29. Qd4 Qe5 30. Qxb6 g5 31. Rf1 Rxc4 32. Raf2 Re7 33. Qxa6 Rc3 34. Rg2 h4 35. Qa8+ Kg7 36. Kh1 Rxg3 37. Qa7 Rxg2 38. Kxg2 Qg3+ 39. Kh1 Rxa7 0-1


[Site "https://www.chess.com"]

[Event "Titled Tuesday Blitz April 19 Early 2022"]
[White "Warchol, Kamil"]
[Black "Jarocka, Liwia"]
[WhiteFideId "21858241"]
[BlackFideId "21807558"]
[WhiteElo "1910"]
[BlackElo "1896"]
[Result "0-1"]
[Round "09"]
[TimeControl "180+1"]
[Date "2022.04.19"]
[WhiteClock "0:00:01"]
[BlackClock "0:00:14"]

1. e4 c6 2. c4 d6 3. d4 Nf6 4. Nc3 e5 5. Nf3 exd4 6. Qxd4 Be7 7. Bf4 O-O 8. O-O-O Ne8 9. e5 Be6 10. exd6 Bf6 11. Be5 Nd7 12. Bxf6 Nexf6 13. Bd3 Qa5 14. Rhg1 b5 15. g4 b4 16. Nb1 Qxa2 17. g5 Ne8 18. h4 Qa5 19. h5 Bf5 20. g6 fxg6 21. hxg6 h6 22. Bxf5 Qxf5 23. Rg3 c5 24. Qd5+ Qxd5 25. Rxd5 Nef6 26. Rd3 Ne4 27. Rg2 Rf6 28. Nbd2 Nxd6 29. b3 Nf8 30. Rg1 Re8 31. Nf1 Nxg6 32. Ne3 Nf4 33. Rd2 Ne4 34. Rc2 Nd3+ 35. Kb1 Rxf3 36. Nd5 Nexf2 37. Ra2 Rf7 38. Ra6 Kh8 39. Rgg6 Ne4 40. Rac6 Ne5 41. Ra6 Nxg6 42. Rxg6 Nc3+ 43. Nxc3 bxc3 44. Kc2 Rf3 45. Ra6 Re2+ 46. Kd1 Rd2+ 47. Ke1 Re3+ 48. Kf1 c2 0-1


[Site "https://www.chess.com"]

[Event "Titled Tuesday Blitz April 19 Early 2022"]
[White "Weishaeutel, Moritz"]
[Black "Dorokhin, Mykhailo"]
[WhiteFideId "12967300"]
[BlackFideId "14114178"]
[WhiteElo "2002"]
[BlackElo "2280"]
[Result "1-0"]
[Round "09"]
[TimeControl "180+1"]
[Date "2022.04.19"]
[WhiteClock "0:00:12"]
[BlackClock "0:00:08"]

1. e4 c6 2. d3 d5 3. Nd2 Nf6 4. Ngf3 Bg4 5. h3 Bxf3 6. Qxf3 e6 7. e5 Nfd7 8. d4 c5 9. c3 Nc6 10. Nb3 cxd4 11. cxd4 Bb4+ 12. Kd1 O-O 13. Bd3 Qb6 14. Qg4 Rfc8 15. Bh6 Bf8 16. Be3 a5 17. h4 a4 18. Nd2 Qxb2 19. Rb1 Qc3 20. Ke2 Nb4 21. Rxb4 Bxb4 22. h5 Bf8 23. Rh3 f5 24. exf6 Nxf6 25. Qxe6+ Kh8 26. h6 Re8 27. hxg7+ Bxg7 28. Qf5 Ra6 29. Rxh7+ Kg8 30. Qg6 Nxh7 31. Qxe8+ Nf8 32. Bxa6 bxa6 33. Qxa4 Qc8 34. Qb3 Qg4+ 35. Nf3 Qe4 36. Nd2 Qg4+ 37. Ke1 Qe6 38. Nf3 Nd7 39. Ng5 Qf5 40. Qb7 Nf8 41. Qxa6 Qb1+ 42. Ke2 Qc2+ 43. Kf3 Qd1+ 44. Qe2 Qa4 45. Qd2 Qd7 46. Qc2 Ng6 47. Qxg6 Qe7 48. Qh7+ Kf8 49. Qf5+ Kg8 50. Qe6+ Qxe6 51. Nxe6 Bh8 52. Nf4 Kf7 53. Nxd5 Ke6 54. Nf4+ Kf5 55. g4+ Kg5 56. Ng2+ Kg6 57. Kg3 Bf6 58. f4 Be7 59. f5+ Kf7 60. g5 Bd6+ 61. Kg4 1-0


[Site "https://www.chess.com"]

[Event "Titled Tuesday Blitz April 19 Early 2022"]
[White "Winkels, Marcel"]
[Black "Friedel, Tom"]
[WhiteFideId "1003887"]
[BlackFideId "2002108"]
[WhiteElo "1900"]
[BlackElo "2296"]
[Result "0-1"]
[Round "09"]
[TimeControl "180+1"]
[Date "2022.04.19"]
[WhiteClock "0:00:08"]
[BlackClock "0:00:21"]

1. d4 d5 2. Nc3 e6 3. e4 dxe4 4. Nxe4 Nd7 5. Nf3 Ngf6 6. Bd3 Be7 7. Bg5 Nxe4 8. Bxe7 Nxf2 9. Bxd8 Nxd1 10. Bxc7 Nxb2 11. Bb5 a6 12. Be2 Na4 13. O-O Nc3 14. Bd3 O-O 15. a4 Nf6 16. Be5 Bd7 17. a5 Bb5 18. Bxb5 axb5 19. Bc7 Nfd5 20. Bb6 Rfc8 21. Ne5 f6 22. Nd3 Ne2+ 23. Kh1 Rxc2 24. Rab1 Nxb6 25. axb6 Nxd4 26. Ra1 Rxa1 27. Rxa1 Rd2 28. Nb4 e5 29. h3 e4 30. Ra7 e3 31. Rxb7 e2 32. Re7 Rd1+ 33. Kh2 e1=Q 34. Rxe1 Rxe1 35. b7 Re8 36. Na6 b4 37. b8=Q Rxb8 38. Nxb8 b3 39. Na6 b2 0-1


[Site "https://www.chess.com"]

[Event "Titled Tuesday Blitz April 19 Early 2022"]
[White "Yeletsky, Ivan"]
[Black "Seemann, Jakub"]
[WhiteFideId "24180327"]
[BlackFideId "21874697"]
[WhiteElo "2319"]
[BlackElo "2003"]
[Result "1-0"]
[Round "09"]
[TimeControl "180+1"]
[Date "2022.04.19"]
[WhiteClock "0:01:10"]
[BlackClock "0:00:01"]

1. e4 e5 2. Bc4 Nc6 3. Nc3 Bc5 4. Qg4 g6 5. Qd1 Nf6 6. d3 O-O 7. Bh6 Re8 8. a3 Nd4 9. Nf3 c6 10. Bg5 Kg7 11. Qd2 d5 12. exd5 Nxf3+ 13. gxf3 Bf5 14. O-O-O b5 15. Bb3 b4 16. Ne4 Bxe4 17. fxe4 bxa3 18. f4 axb2+ 19. Kb1 h6 20. Bxh6+ Kxh6 21. fxe5+ Kh7 22. exf6 Rb8 23. Rhf1 Bd4 24. Rf3 Kg8 25. dxc6 Qd6 26. Qh6 Bxf6 27. Qxg6+ Bg7 28. Qxd6 Re5 29. Qxb8+ Kh7 30. Qb7 Ra5 31. Rh3+ Bh6 32. d4 1-0


[Site "https://www.chess.com"]

[Event "Titled Tuesday Blitz April 19 Early 2022"]
[White "Yurovskykh, Oleksandr"]
[Black "De Silva, L M S T"]
[WhiteFideId "14134020"]
[BlackFideId "9953698"]
[WhiteElo "2292"]
[BlackElo "1631"]
[Result "1-0"]
[Round "09"]
[TimeControl "180+1"]
[Date "2022.04.19"]
[WhiteClock "0:00:22"]
[BlackClock "0:00:41"]

1. d4 Nf6 2. Nf3 e6 3. Bf4 d5 4. e3 Bd6 5. Bg3 O-O 6. Nbd2 c5 7. c3 Nc6 8. Bb5 Ne7 9. Bd3 Nf5 10. Bxf5 exf5 11. Bxd6 Qxd6 12. dxc5 Qxc5 13. O-O b6 14. Nd4 g6 15. g3 Ba6 16. Re1 Rfe8 17. Qb3 Ng4 18. N2f3 Bd3 19. h3 Nf6 20. Nd2 h5 21. N2f3 Be4 22. a4 Nd7 23. Qa3 Qc7 24. h4 Nc5 25. Ng5 Bd3 26. Nh3 Ba6 27. Nf4 Re4 28. a5 b5 29. Rad1 Rd8 30. Rd2 Na4 31. Red1 Qc4 32. b3 Qxc3 33. Nfe2 Qc5 34. Qa1 g5 35. hxg5 h4 36. bxa4 h3 37. axb5 h2+ 38. Kxh2 Bc8 39. Nf4 Qe7 40. Nf3 Be6 41. Qf6 Qxf6 42. gxf6 Kh7 43. Nxe6 fxe6 44. Ng5+ Kg6 45. Nxe4 fxe4 46. Kg2 Kxf6 47. b6 axb6 48. axb6 Rb8 49. Rb1 Rb7 50. Rc2 d4 51. exd4 e5 52. dxe5+ Kxe5 53. Rc7 Rb8 54. b7 e3 55. fxe3 Rf8 56. Rc8 Rf6 57. Rb5+ Ke6 58. Rc6+ 1-0


[Site "https://www.chess.com"]

[Event "Titled Tuesday Blitz April 19 Early 2022"]
[White "Zanette, Edgard Vinicius"]
[Black "Sanchez Alvares, Kelvin Antonio"]
[WhiteFideId "2109263"]
[BlackFideId "3906680"]
[WhiteElo "2182"]
[BlackElo "2193"]
[Result "0-1"]
[Round "09"]
[TimeControl "180+1"]
[Date "2022.04.19"]
[WhiteClock "0:00:07"]
[BlackClock "0:00:21"]

1. e4 e5 2. Nf3 Nc6 3. Bb5 a6 4. Ba4 Nf6 5. d3 b5 6. Bb3 Bc5 7. O-O d6 8. a4 Rb8 9. axb5 axb5 10. Nbd2 h6 11. Re1 O-O 12. c3 b4 13. Nc4 Be6 14. Ba4 Ra8 15. Be3 Bxe3 16. Nxe3 Ne7 17. Bb5 Rxa1 18. Qxa1 c6 19. Bc4 d5 20. exd5 cxd5 21. Ba2 Qb8 22. cxb4 Qxb4 23. Nxe5 Ra8 24. Nc2 Qd2 25. Na3 Nf5 26. Qd1 Qb4 27. Re2 Nd4 28. Rd2 Qb8 29. f4 Nb5 30. Nxb5 Rxa2 31. Nc3 Rxb2 32. Rxb2 Qxb2 33. Qe1 Bf5 34. h3 Qb6+ 35. Kh2 Qd4 36. Qd2 g5 37. Ne2 Qf2 38. fxg5 Bxh3 0-1


[Site "https://www.chess.com"]

[Event "Titled Tuesday Blitz April 19 Early 2022"]
[White "Zemerov, Vladimir"]
[Black "Clarke, Brandon G I"]
[WhiteFideId "4111583"]
[BlackFideId "400319"]
[WhiteElo "2277"]
[BlackElo "2414"]
[Result "0-1"]
[Round "09"]
[TimeControl "180+1"]
[Date "2022.04.19"]
[WhiteClock "0:00:20"]
[BlackClock "0:01:43"]

1. d4 Nf6 2. c4 g6 3. Nc3 d5 4. Nf3 Bg7 5. e3 O-O 6. Qb3 e6 7. Bd2 b6 8. cxd5 exd5 9. a4 Nc6 10. Be2 Na5 11. Qa2 Be6 12. O-O Ne4 13. Be1 c5 14. Nb5 a6 15. Bxa5 axb5 16. Be1 Rxa4 17. Qb1 Rxa1 18. Qxa1 Qd7 19. Qa6 b4 20. Qxb6 Qd8 21. Qb5 Qa8 22. dxc5 Rb8 23. Qa6 Qxa6 24. Bxa6 Nxc5 25. Be2 Bxb2 26. Nd4 b3 27. Nxb3 Rxb3 28. Ba5 Bc3 29. Bxc3 Rxc3 30. Rb1 Kg7 31. h4 h5 32. Rb5 Ne4 33. Bf3 Rc1+ 34. Kh2 Nxf2 35. Kg3 Ne4+ 0-1


[Site "https://www.chess.com"]

[Event "Titled Tuesday Blitz April 19 Early 2022"]
[White "Zemlyanskii, Ivan"]
[Black "Terzi, Alexei"]
[WhiteFideId "24249971"]
[BlackFideId "13505076"]
[WhiteElo "1759"]
[BlackElo "2031"]
[Result "0-1"]
[Round "09"]
[TimeControl "180+1"]
[Date "2022.04.19"]
[WhiteClock "0:00:07"]
[BlackClock "0:00:58"]

1. c4 c5 2. g3 Nf6 3. Bg2 g6 4. Nf3 Bg7 5. O-O O-O 6. Nc3 Nc6 7. d4 cxd4 8. Nxd4 Qa5 9. b3 Qxc3 10. Be3 Ng4 11. Bxc6 Nxe3 12. fxe3 Qxe3+ 13. Kh1 dxc6 14. Rf4 e5 15. Nc2 Qc5 16. b4 Qe7 17. Rf2 Be6 18. Qd2 Bxc4 19. Ne3 Rad8 20. Qc2 Bd5+ 21. Nxd5 Rxd5 22. Raf1 f5 23. Qc4 Kh8 24. b5 Rxb5 25. e4 Rb4 26. Qc3 Rxe4 27. Rd2 Rd4 28. Rb2 Rd7 29. Qa5 a6 30. Re2 e4 31. Qb6 Bd4 32. Qb3 c5 33. a4 Qf7 34. Qc2 b5 35. axb5 axb5 36. Rb1 b4 37. Qa4 Ra7 38. Qc6 Rfa8 39. Rd1 Ra1 40. Ree1 Rxd1 41. Rxd1 Re8 42. Re1 b3 43. Qb5 b2 44. Rb1 e3 45. Kg2 Qd5+ 46. Kh3 Qe4 47. Qd7 Re7 48. Qd8+ Kg7 49. Re1 e2 50. Qd6 Bf6 51. Qd2 b1=Q 52. Rxb1 Qxb1 0-1


[Site "https://www.chess.com"]

[Event "Titled Tuesday Blitz April 19 Early 2022"]
[White "Zhigalko, Sergei"]
[Black "Kezin, Roman"]
[WhiteFideId "13502956"]
[BlackFideId "24124621"]
[WhiteElo "2662"]
[BlackElo "2570"]
[Result "1-0"]
[Round "09"]
[TimeControl "180+1"]
[Date "2022.04.19"]
[WhiteClock "0:00:06"]
[BlackClock "0:00:01"]

1. e4 c5 2. Nf3 e6 3. c3 d5 4. e5 d4 5. Bd3 Nc6 6. O-O Nge7 7. Re1 Ng6 8. g3 f6 9. exf6 gxf6 10. Be4 Bg7 11. d3 O-O 12. h4 Nh8 13. cxd4 cxd4 14. Nbd2 Nf7 15. Nc4 Rb8 16. Bd2 e5 17. Rc1 Re8 18. Nh2 Be6 19. Qh5 h6 20. Ng4 Bxg4 21. Qxg4 Ne7 22. Bb4 Qc8 23. Qh5 Qe6 24. Bxe7 Qxe7 25. Qg6 Kf8 26. Na5 Nd6 27. Bd5 Red8 28. Qh7 Nf7 29. Bb3 f5 30. Qxf5 Qf6 31. Qh5 Nd6 32. Nc4 Nxc4 33. Rxc4 Rbc8 34. Rxc8 Rxc8 35. Rxe5 Rc7 36. Rf5 1-0


[Site "https://www.chess.com"]

[Event "Titled Tuesday Blitz April 19 Early 2022"]
[White "Zhu, Jiner"]
[Black "Omariev, Maksim"]
[WhiteFideId "8608059"]
[BlackFideId "4193423"]
[WhiteElo "2281"]
[BlackElo "2485"]
[Result "1-0"]
[Round "09"]
[TimeControl "180+1"]
[Date "2022.04.19"]
[WhiteClock "0:00:09"]
[BlackClock "0:00:08"]

1. e4 c5 2. Nf3 d6 3. d4 cxd4 4. Nxd4 Nf6 5. Nc3 a6 6. Be3 Ng4 7. Bc1 Nf6 8. f3 e6 9. Be3 b5 10. a3 Nbd7 11. Qd2 Bb7 12. O-O-O Rc8 13. g4 Nb6 14. Nb3 Nc4 15. Bxc4 bxc4 16. Nd4 Be7 17. g5 Nd7 18. h4 g6 19. h5 Rg8 20. hxg6 hxg6 21. Rh7 Qa5 22. Rdh1 Nf8 23. R7h3 d5 24. exd5 Bxd5 25. Nxd5 Qxd5 26. Ne2 Qb5 27. Nc3 Qa5 28. Ne4 c3 29. Nxc3 Bxa3 30. bxa3 Qxa3+ 31. Kd1 Rd8 32. Bd4 e5 33. Re1 Ne6 34. Rxe5 Kf8 35. Rxe6 fxe6 36. Rh4 Qd6 37. Rf4+ Ke7 38. Re4 Kf7 39. Ke2 Rge8 40. Qf4+ Qxf4 41. Rxf4+ Kg8 42. Bf6 e5 43. Rh4 Rc8 44. Kd2 Kf7 45. Rh7+ Ke6 46. Ne4 Rb8 47. c3 Rec8 48. Ra7 Rb2+ 49. Kd3 Rh2 50. Re7+ Kd5 51. Rd7+ Kc6 52. Rd6+ Kb5 53. Bxe5 Rc6 54. Rxc6 Kxc6 55. Bxh2 a5 56. c4 a4 57. Be5 a3 58. Ba1 a2 59. c5 Kd5 60. Kc3 Ke6 61. Kc4 Kf5 62. c6 Ke6 63. Kc5 Ke7 64. c7 Kd7 65. Kb6 Kc8 66. Nd6+ Kd7 67. c8=Q+ Ke7 68. Qc7+ Ke6 69. Ne4 Kf5 70. Qe5# 1-0


[Site "https://www.chess.com"]

[Event "Titled Tuesday Blitz April 19 Early 2022"]
[White "Zhurikhin, Alexander"]
[Black "Tanenbaum, Zachary"]
[WhiteFideId "4139569"]
[BlackFideId "2060850"]
[WhiteElo "2204"]
[BlackElo "2168"]
[Result "1/2-1/2"]
[Round "09"]
[TimeControl "180+1"]
[Date "2022.04.19"]
[WhiteClock "0:00:10"]
[BlackClock "0:00:07"]

1. c4 e5 2. Nc3 Nf6 3. Nf3 Nc6 4. e4 Bb4 5. d3 d6 6. a3 Bc5 7. Be2 Bg4 8. O-O Bxf3 9. Bxf3 Nd7 10. Be3 O-O 11. b4 Bd4 12. Qd2 a5 13. b5 Ne7 14. Bxd4 exd4 15. Ne2 c5 16. g3 a4 17. Bg2 Ne5 18. h3 Qa5 19. Qxa5 Rxa5 20. Rad1 b6 21. f4 N5g6 22. h4 Re8 23. h5 Nf8 24. h6 g6 25. Kf2 Ra7 26. Ng1 f6 27. Nf3 Kf7 28. g4 Ne6 29. Kg3 Rf8 30. g5 f5 31. e5 d5 32. Nxd4 Nxd4 33. cxd5 Ne2+ 34. Kf3 Nc3 35. d6 Nxd1 36. dxe7 Kxe7 37. Rxd1 Rd8 38. Ke3 Rad7 39. Bf1 Rd4 40. Rc1 Ke6 41. Rc3 Kd5 42. Bg2+ Ke6 43. Bf3 R4d7 44. Bd1 c4 45. Be2 cxd3 46. Bxd3 Rd4 47. Rc6+ Ke7 48. Be2 Re4+ 49. Kf3 Rdd4 50. Rc7+ Kd8 51. Rxh7 Rxf4+ 52. Kg3 Rfe4 53. Bf3 Re3 54. Rg7 Rdd3 55. h7 Rxf3+ 56. Kg2 Rg3+ 57. Kf2 Rh3 58. Rg8+ Ke7 59. h8=Q Rxh8 60. Rxh8 Rd5 61. Rg8 Rxe5 62. Rxg6 Rxb5 63. Rf6 Rb3 64. Ke2 Rxa3 65. Rxb6 Rg3 66. Ra6 a3 67. Kf2 f4 68. Ra4 Rxg5 69. Rxa3 Ke6 70. Ra6+ Kf7 71. Kf3 Rb5 72. Ra4 Kg6 73. Rxf4 Kg5 74. Re4 Kf5 75. Re3 Rb4 76. Rd3 Ke5 77. Ke2 Ke4 78. Re3+ Kf4 79. Rf3+ Kg4 80. Re3 Rb2+ 81. Kd3 Kf4 82. Re4+ Kf5 83. Rd4 Rb5 84. Kc4 Re5 85. Rd5 Rxd5 86. Kxd5 1/2-1/2


[Site "https://www.chess.com"]

[Event "Titled Tuesday Blitz April 19 Early 2022"]
[White "Zia, Tahsin Tajwar"]
[Black "Avazkhonov, Alikhon"]
[WhiteFideId "10211888"]
[BlackFideId "14208504"]
[WhiteElo "1800"]
[BlackElo "1739"]
[Result "0-1"]
[Round "09"]
[TimeControl "180+1"]
[Date "2022.04.19"]
[WhiteClock "0:00:10"]
[BlackClock "0:00:04"]

1. d4 d5 2. c4 e6 3. Nc3 c6 4. e3 f5 5. Bd3 Nf6 6. Nge2 Bd6 7. Qc2 O-O 8. h3 Ne4 9. Bd2 Nd7 10. h4 Ndf6 11. f3 Nxd2 12. Kxd2 dxc4 13. Bxc4 Kh8 14. Rag1 b5 15. Bb3 a5 16. a4 b4 17. Nd1 Bd7 18. Nf2 Nd5 19. Nd3 Qe7 20. g3 e5 21. dxe5 Bxe5 22. Nxe5 Qxe5 23. Bxd5 Qxd5+ 24. Nd4 c5 25. Qb3 Qd6 26. Ke2 cxd4 27. Rd1 Qa6+ 28. Qd3 Qxd3+ 29. Rxd3 Bxa4 30. Rxd4 Bb5+ 31. Kf2 Rad8 32. Rhd1 Rxd4 33. Rxd4 Kg8 34. Rd5 Rb8 35. Rxf5 a4 36. Rf4 Bd3 37. Rd4 Bc2 38. Rd7 a3 39. bxa3 b3 40. Ra7 b2 41. g4 b1=Q 42. Kg3 Qg1+ 43. Kf4 Qh2+ 44. Kg5 Qe5# 0-1


[Site "https://www.chess.com"]

[Event "Titled Tuesday Blitz April 19 Early 2022"]
[White "Ajay Krishna, S"]
[Black "Rottenwohrer Suarez, Juan"]
[WhiteFideId "5096430"]
[BlackFideId "32068182"]
[WhiteElo "2247"]
[BlackElo "2158"]
[Result "1-0"]
[Round "10"]
[TimeControl "180+1"]
[Date "2022.04.19"]
[WhiteClock "0:00:22"]
[BlackClock "0:00:11"]

1. d4 Nf6 2. c4 e6 3. Nf3 Bb4+ 4. Bd2 Qe7 5. e3 O-O 6. Nc3 d5 7. Be2 Bxc3 8. Bxc3 Ne4 9. Rc1 b6 10. O-O Nxc3 11. Rxc3 Bb7 12. cxd5 Bxd5 13. Qc2 c5 14. dxc5 Nd7 15. cxb6 axb6 16. a3 Nc5 17. Nd2 e5 18. Bf3 e4 19. Be2 Kh8 20. Rc1 f5 21. b4 Ne6 22. Bc4 Bxc4 23. Nxc4 f4 24. Qxe4 f3 25. Ne5 fxg2 26. Rc6 Rae8 27. f4 Nd8 28. Rc7 Qh4 29. Qxg2 Ne6 30. Rf7 Kg8 31. Rxf8+ Rxf8 32. Rc6 Rd8 33. Rc1 h6 34. Qg6 Nf8 35. Qf7+ Kh7 36. Qf5+ Kh8 37. Qxf8+ Rxf8 38. Ng6+ Kg8 39. Nxh4 Re8 40. Kf2 Kf7 41. Rc7+ Kf6 42. Rc6+ Kf7 43. Rxb6 g5 44. fxg5 hxg5 45. Nf3 g4 46. Ng5+ Kg7 47. a4 1-0


[Site "https://www.chess.com"]

[Event "Titled Tuesday Blitz April 19 Early 2022"]
[White "Alekseenko, Kirill"]
[Black "Andreikin, Dmitry"]
[WhiteFideId "4135539"]
[BlackFideId "4158814"]
[WhiteElo "2682"]
[BlackElo "2736"]
[Result "1/2-1/2"]
[Round "10"]
[TimeControl "180+1"]
[Date "2022.04.19"]
[WhiteClock "0:00:07"]
[BlackClock "0:00:11"]

1. e4 c5 2. Nf3 e6 3. d4 cxd4 4. Nxd4 Nc6 5. Nc3 d6 6. g4 Be7 7. Bg2 a6 8. Be3 Bd7 9. Qd2 Ne5 10. Qe2 Rc8 11. Rd1 Nf6 12. h3 h6 13. O-O g5 14. f4 gxf4 15. Bxf4 Qb6 16. Bc1 Rg8 17. Qf2 h5 18. g5 Nh7 19. h4 f6 20. Bf3 Ng4 21. Bxg4 hxg4 22. Kh1 Rc4 23. gxf6 Bxf6 24. Nf5 Qxf2 25. Nxd6+ Ke7 26. Rxf2 Rc6 27. e5 Rxd6 28. Rxd6 Bxe5 29. Rxd7+ Kxd7 30. Rf7+ Kc6 31. Rxh7 g3 32. Kg2 Rg4 33. Be3 Rb4 34. Nd1 b5 35. c3 Re4 36. Kf3 Ra4 37. a3 a5 38. Rh5 Bd6 39. Rg5 Rxh4 40. Bg1 Rh1 41. Kg2 Rh4 42. Ne3 b4 43. cxb4 axb4 44. a4 b3 45. a5 Ra4 46. Nd1 Ra1 47. Nc3 Bb4 48. Ne2 Ra2 49. Nd4+ Kb7 50. Rb5+ Ka6 51. Rxb4 Rxb2+ 52. Kxg3 Kxa5 53. Rxb3 Rxb3+ 54. Nxb3+ Kb4 55. Nd2 Kc3 56. Nf3 Kd3 57. Kf4 e5+ 58. Nxe5+ Kc3 59. Ke4 Kc2 60. Ke3 Kc3 61. Bf2 Kc2 62. Be1 Kb3 63. Kd3 Kb2 64. Bd2 Kb3 65. Nc6 Ka4 66. Kc4 Ka3 67. Nd4 Kb2 68. Kd3 Ka3 69. Kc3 Ka4 70. Kc4 Ka3 71. Nb5+ Kb2 72. Be3 Kc2 73. Bg5 Kd1 74. Kd3 Ke1 75. Nd4 Kf2 76. Bh4+ Kg2 77. Ke4 Kh3 78. Bf6 Kg4 79. Nf3 Kg3 80. Ke3 Kg4 81. Nd4 Kg3 82. Be5+ Kg4 83. Ke4 Kh3 84. Kf3 Kh4 85. Nc6 Kg5 86. Ne7 Kh4 87. Bd6 Kg5 88. Be5 Kh4 89. Bf4 Kh5 90. Kg3 1/2-1/2


[Site "https://www.chess.com"]

[Event "Titled Tuesday Blitz April 19 Early 2022"]
[White "Alimpic, Aleksa"]
[Black "Winkels, Marcel"]
[WhiteFideId "974323"]
[BlackFideId "1003887"]
[WhiteElo "2169"]
[BlackElo "1900"]
[Result "1-0"]
[Round "10"]
[TimeControl "180+1"]
[Date "2022.04.19"]
[WhiteClock "0:00:03"]
[BlackClock "0:00:01"]

1. Nf3 Nf6 2. g3 g6 3. b3 Bg7 4. Bb2 O-O 5. Bg2 d6 6. d4 e5 7. dxe5 Nfd7 8. O-O Nc6 9. c4 Ndxe5 10. Nxe5 dxe5 11. Nc3 Be6 12. Nd5 Bxd5 13. cxd5 Nd4 14. e3 Nf5 15. Rc1 Nd6 16. Qc2 Rc8 17. e4 Qe7 18. Ba3 f5 19. Bxd6 Qxd6 20. Qc5 Qa6 21. a4 Bh6 22. Rc2 Rfd8 23. Qc4 Qd6 24. Qc5 Kf7 25. Bh3 Qxc5 26. Rxc5 Kf6 27. Rd1 Rd6 28. Rb5 b6 29. f3 Rcd8 30. Rb4 c6 31. exf5 gxf5 32. Rh4 Kg6 33. g4 Bg5 34. gxf5+ Kg7 35. Rg4 Kf6 36. Rg2 cxd5 37. Rc2 d4 38. Rc7 d3 39. Rc3 d2 40. Kf1 Rd3 41. Rxd3 Rxd3 42. Ke2 Rxb3 43. Bg4 Rc3 44. h4 1-0


[Site "https://www.chess.com"]

[Event "Titled Tuesday Blitz April 19 Early 2022"]
[White "Alinasab, Mobina"]
[Black "Toncheva, Nadya"]
[WhiteFideId "12528897"]
[BlackFideId "2924056"]
[WhiteElo "2031"]
[BlackElo "1884"]
[Result "0-1"]
[Round "10"]
[TimeControl "180+1"]
[Date "2022.04.19"]
[WhiteClock "0:00:03"]
[BlackClock "0:00:12"]

1. e4 Nf6 2. Nc3 d5 3. exd5 Nxd5 4. Nxd5 Qxd5 5. d4 c6 6. Nf3 Bg4 7. Be2 e6 8. h3 Bh5 9. O-O Bd6 10. c4 Qa5 11. Bd2 Qc7 12. Bc3 O-O 13. Ne5 Bxe2 14. Qxe2 Nd7 15. Nxd7 Qxd7 16. Qg4 Rfe8 17. d5 Bf8 18. Rad1 cxd5 19. cxd5 Qb5 20. a4 Qb6 21. d6 Red8 22. Be5 Rac8 23. Rd3 Rc5 24. Bd4 Qxd6 25. Bxg7 Qxd3 26. Bf6+ Qg6 27. Bxd8 Qxg4 28. hxg4 Rc4 29. b3 Rxg4 30. Rc1 Rb4 31. Rc3 f5 32. Bf6 Kf7 33. Be5 Kg6 34. Rg3+ Rg4 35. Rc3 Re4 36. Bb8 a6 37. Kf1 Bb4 38. Rc1 Rd4 39. Ba7 Rd3 40. Rb1 Rd2 41. Be3 Rc2 42. g3 Bc5 43. Bxc5 Rxc5 44. Rd1 Rc3 45. Rb1 b5 46. Ke2 bxa4 47. bxa4 Ra3 48. Rb4 a5 49. Rh4 h5 50. Rc4 e5 51. Rc5 Rxa4 52. Rxe5 Re4+ 53. Rxe4 fxe4 54. Ke3 a4 55. Kd4 Kf5 56. Kc3 Kg4 57. Kb4 Kf3 58. g4 hxg4 59. Kxa4 Kxf2 0-1


[Site "https://www.chess.com"]